AoeStats
← SlowBoy

Hideout

508476438Analyzed
1v1 RM · 10d ago on Sep 22, 2026· 41m 3s· 2 players
Game mode
Random Map
Map size
Tiny (2 player)
Population
200
Speed
Normal
Resources
Standard
Victory
Conquest
Starting age
Dark Age
Ending age
Imperial Age
RankedLock teamsTeams togetherTeam positionsShared explorationLock speedFull tech treeHidden civsTurbo modeCheats
Victory
Defeat
🇧🇷 Khmer · Brazil
1748
+13
🇭🇺 Saxons · Hungary
1671
-13
Misplaymaker
10:28 Feudal Age
14:40 Castle Age
13:09 Double-Bit Axe
13:24 Horse Collar
16:20 Husbandry
18:00 Light Cavalry
25:30 Wheelbarrow
26:54 Scale Mail Armor
27:43 Forging
28:06 Squires
27:52 Gambesons
30:46 Imperial Age
28:02 Loom
28:31 Forging
30:24 Chain Mail Armor
30:45 Iron Casting
32:16 Plate Mail Armor
32:46 Sanctity
32:43 Block Printing
33:12 Conscription
32:48 Gold Mining
32:49 Stone Mining
33:12 Clerical Recruitment
34:14 Hand Cart
33:57 Elite Varangian Guard
36:23 Bow Saw
37:22 Pikeman
39:11 Halberdier
SlowBoy
10:27 Feudal Age
13:21 Castle Age
11:23 Double-Bit Axe
11:36 Horse Collar
14:18 Husbandry
14:42 Bow Saw
14:41 Loom
16:10 Bloodlines
18:35 Heavy Plow
18:27 Gold Mining
19:17 Wheelbarrow
19:56 Stone Mining
20:24 Town Watch
21:11 Light Cavalry
25:05 Hand Cart
25:09 Forging
25:54 Scale Barding Armor
30:22 Imperial Age
27:49 Fletching
28:25 Padded Archer Armor
29:25 Bodkin Arrow
29:46 Leather Archer Armor
31:17 Bracer
32:19 Chemistry
31:50 Crop Rotation
32:17 Ballistics
32:59 Ring Archer Armor
32:50 Chain Barding Armor
33:11 Conscription
33:44 Iron Casting
34:38 Masonry
36:23 Plate Barding Armor
37:23 Blast Furnace
35:47 Hussar
37:45 Elite Ballista Elephant
39:36 Double Crossbow
Connection lost

Rejoining the realm…

Still unreachable

The connection could not be restored.

Session expired

The server has moved on; the page needs a fresh start.